AoeStats
← Jan Itor

Arena

509222985Analyzed
4v4 RM · 7d ago on Sep 26, 2026· 74m 12s· 8 players
Game mode
Random Map
Map size
Large (8 player)
Population
200
Speed
Normal
Resources
Standard
Victory
Conquest
Starting age
Dark Age
Ending age
Imperial Age
RankedLock teamsTeams togetherTeam positionsShared explorationLock speedFull tech treeHidden civsTurbo modeCheats
Victory
Defeat
🇮🇹 Celts · Italy
2009
+17
🇩🇪 Dravidians · Germany
1930
+20
🇩🇪 Berbers · Germany
1823
+24
🇷🇺 Wu · Russia
1794
+25
🇮🇹 Aztecs · Italy
2235
-28
🇨🇦 Jurchens · Canada
2048
-23
🇺🇸 Franks · United States
1992
-21
🇲🇽 Malians · Mexico
1829
-14
RoR | Smokealot
9:43 Feudal Age
13:16 Castle Age
12:34 Double-Bit Axe
12:30 Horse Collar
14:56 Bow Saw
15:50 Town Watch
17:16 Loom
22:57 Wheelbarrow
23:04 Fortified Wall
23:37 Gold Mining
24:14 Fletching
24:24 Padded Archer Armor
24:58 Stone Mining
27:06 Thumb Ring
27:29 Bodkin Arrow
27:49 Leather Archer Armor
28:27 Ballistics
31:44 Imperial Age
29:33 Hand Cart
30:51 Medical Corps
33:37 Chemistry
32:50 Husbandry
32:18 Elite Elephant Archer
33:54 Bracer
34:36 Wootz Steel
34:37 Conscription
39:39 Two-Man Saw
39:45 Heavy Plow
42:01 Caravan
44:07 Elite Genitour
52:38 Guilds
61:53 Coinage
65:36 Scale Barding Armor
65:41 Forging
65:50 Leather Archer Armor
65:54 Town Patrol
67:01 Ring Archer Armor
67:07 Iron Casting
66:37 Scale Barding Armor
69:11 Blast Furnace
69:19 Banking
70:06 Scale Mail Armor
70:26 Chain Barding Armor
70:16 Siege Elephant
71:43 Bombard Tower
71:19 Murder Holes
71:14 Heated Shot
71:35 Masonry
71:11 Arrowslits
72:17 Onager
Fresh To Death
10:55 Feudal Age
11:56 Double-Bit Axe
14:34 Castle Age
12:31 Horse Collar
15:31 Bow Saw
17:18 Bloodlines
16:31 Light Cavalry
19:22 Loom
21:19 Heavy Plow
22:05 Wheelbarrow
22:45 Fervor
22:47 Gold Mining
23:45 Stone Mining
24:12 Hand Cart
26:35 Scale Barding Armor
29:14 Imperial Age
27:28 Bloodlines
27:18 Husbandry
28:54 Chain Barding Armor
28:45 Forging
29:18 Forging
30:19 Conscription
30:35 Plate Barding Armor
30:36 Iron Casting
29:57 Heavy Hei Guang Cavalry
33:13 Blast Furnace
36:31 Sitting Tiger
40:14 Caravan
42:07 Pikeman
42:47 Squires
42:33 Arson
42:50 Scale Mail Armor
43:26 Man-at-Arms
44:22 Chain Mail Armor
44:10 Long Swordsman
45:46 Plate Mail Armor
44:51 Two-Handed Swordsman
46:09 Champion
56:32 Coinage
56:35 Masonry
56:05 Treadmill Crane
60:58 Two-Man Saw
62:18 Banking
65:13 Hussar
69:41 Architecture
70:11 Chemistry
69:32 Ballistics
OS | 展毅
9:59 Feudal Age
13:59 Castle Age
12:13 Double-Bit Axe
12:24 Horse Collar
12:44 Loom
31:56 Heavy Plow
33:14 Wheelbarrow
37:31 Imperial Age
35:22 Stone Mining
35:23 Gold Mining
36:48 Hand Cart
36:40 Scale Mail Armor
37:58 Chain Mail Armor
38:39 Gold Shaft Mining
38:35 Conscription
38:10 Elite Woad Raider
39:35 Stone Shaft Mining
39:18 Forging
39:44 Plate Mail Armor
39:15 Caravan
39:27 Forging
40:14 Arson
40:24 Capped Ram
42:18 Coinage
41:28 Siege Ram
43:08 Iron Casting
42:57 Furor Celtica
44:26 Banking
45:21 Blast Furnace
48:32 Bow Saw
49:34 Onager
53:36 Siege Onager
55:58 Stronghold
58:12 Siege Engineers
61:34 Masonry
62:25 Chemistry
62:07 Fortified Wall
Jan Itor
11:41 Feudal Age
12:21 Horse Collar
12:44 Double-Bit Axe
15:18 Castle Age
15:20 Light Cavalry
16:58 Bow Saw
16:50 Heavy Plow
20:52 Wheelbarrow
27:38 Imperial Age
25:05 Loom
25:43 Hand Cart
25:21 Stone Mining
25:22 Gold Mining
26:18 Treadmill Crane
27:05 Ballistics
27:13 Husbandry
27:31 Kasbah
27:34 Fletching
27:43 Town Watch
28:31 Bodkin Arrow
29:42 Chemistry
29:05 Padded Archer Armor
29:54 Conscription
30:32 Siege Engineers
31:09 Bracer
30:53 Elite Camel Archer
31:43 Thumb Ring
33:23 Stone Shaft Mining
33:25 Gold Shaft Mining
34:26 Coinage
34:13 Bloodlines
35:11 Masonry
36:45 Banking
37:17 Hoardings
37:16 Caravan
38:00 Maghrebi Camels
38:58 Leather Archer Armor
39:41 Forging
44:20 Ring Archer Armor
45:12 Scale Barding Armor
45:42 Iron Casting
62:10 Arrowslits
66:19 Fortified Wall
69:59 Guilds
OS+ | VoNDutcH
11:28 Feudal Age
12:24 Double-Bit Axe
12:19 Horse Collar
15:18 Castle Age
22:47 Wheelbarrow
22:33 Bow Saw
23:27 Gold Mining
23:42 Heavy Plow
24:59 Hand Cart
25:17 Fletching
26:14 Loom
29:12 Imperial Age
28:19 Gold Shaft Mining
27:36 Stone Mining
28:00 Scale Mail Armor
31:49 Conscription
30:58 Onager
33:31 Chain Mail Armor
33:26 Forging
33:24 Pikeman
34:29 Squires
33:56 Siege Onager
36:09 Plate Mail Armor
36:15 Iron Casting
36:53 Chemistry
35:58 Siege Engineers
39:09 Blast Furnace
37:51 Treadmill Crane
37:48 Capped Ram
39:11 Ballistics
39:12 Siege Ram
41:12 Garland Wars
42:17 Man-at-Arms
42:43 Gambesons
43:20 Fortified Wall
45:28 Crop Rotation
47:02 Caravan
57:04 Man-at-Arms
65:45 Elite Jaguar Warrior
72:02 Elite Jaguar Warrior
OS+ | Marco Masini
11:25 Feudal Age
14:58 Castle Age
12:51 Double-Bit Axe
16:56 Loom
20:25 Bow Saw
21:58 Wheelbarrow
22:27 Wheelbarrow
22:51 Fortified Wall
22:58 Town Watch
23:53 Gold Mining
33:51 Imperial Age
31:47 Treadmill Crane
32:18 Masonry
36:08 Chemistry
35:32 Conscription
38:01 Stone Mining
39:04 Caravan
40:07 Hand Cart
40:22 Husbandry
40:14 Fletching
41:12 Padded Archer Armor
43:43 Siege Engineers
43:59 Ballistics
44:07 Ordonnance Companies
45:57 Elite Skirmisher
47:33 Bodkin Arrow
48:09 Architecture
47:35 Murder Holes
47:57 Leather Archer Armor
48:02 Light Cavalry
48:46 Chivalry
49:23 Scale Barding Armor
49:29 Forging
50:17 Coinage
51:28 Chain Barding Armor
51:44 Iron Casting
51:50 Banking
52:51 Plate Barding Armor
52:53 Iron Casting
56:00 Blast Furnace
63:50 Heavy Mounted Crossbowman
65:18 Cranequins
70:17 Cavalier
OS+ | Tiggerr
10:37 Feudal Age
14:13 Castle Age
12:42 Double-Bit Axe
12:49 Horse Collar
14:27 Town Watch
15:18 Bow Saw
20:01 Wheelbarrow
23:13 Hand Cart
28:30 Imperial Age
25:45 Loom
26:49 Padded Archer Armor
27:33 Siege Engineers
28:25 Leather Archer Armor
28:16 Heavy Plow
30:16 Chemistry
29:41 Conscription
29:58 Heavy Rocket Cart
33:25 Thunderclap Bombs
36:03 Ring Archer Armor
36:05 Pikeman
36:45 Squires
36:46 Scale Mail Armor
38:03 Halberdier
38:59 Chain Mail Armor
38:55 Forging
40:25 Iron Casting
40:33 Coinage
40:03 Caravan
41:11 Ballistics
40:41 Guard Tower
40:37 Arrowslits
41:03 Masonry
40:33 Treadmill Crane
43:06 Banking
42:46 Guilds
43:44 Blast Furnace
42:34 Fletching
44:37 Capped Ram
46:11 Hoardings
45:33 Bodkin Arrow
46:15 Keep
46:10 Architecture
45:29 Siege Ram
47:27 Fortified Bastions
54:01 Two-Man Saw
53:34 Bracer
56:54 Heavy Cavalry Archer
57:51 Heavy Cavalry Archer
Ux'LobodeLaNieve
11:16 Feudal Age
13:00 Double-Bit Axe
12:56 Horse Collar
15:17 Castle Age
16:39 Bow Saw
20:53 Wheelbarrow
22:05 Town Watch
23:18 Hand Cart
27:55 Imperial Age
25:15 Loom
25:29 Stone Mining
25:29 Gold Mining
25:41 Scale Mail Armor
25:53 Forging
25:49 Heavy Plow
26:56 Chain Mail Armor
26:10 Man-at-Arms
27:08 Squires
26:54 Arson
27:46 Stone Shaft Mining
27:04 Long Swordsman
28:28 Iron Casting
28:06 Two-Handed Swordsman
29:08 Conscription
29:26 Champion
30:40 Plate Mail Armor
35:43 Fletching
36:14 Ballistics
43:49 Farimba
43:55 Scale Barding Armor
43:48 Bodkin Arrow
44:27 Light Cavalry
45:54 Bloodlines
45:44 Husbandry
48:02 Chain Barding Armor
48:09 Bodkin Arrow
50:27 Plate Barding Armor
52:04 Coinage
57:15 Caravan
63:47 Crop Rotation
69:11 Gold Shaft Mining
69:57 Chemistry
69:48 Cavalier
Connection lost

Rejoining the realm…

Still unreachable

The connection could not be restored.

Session expired

The server has moved on; the page needs a fresh start.